cohdb
Replays
Latest Replays
All Replays
Popular Replays
Top Player Replays
Match Explorer
How It Works
Community
CoH3 Stats
Reddit
Sign in to upload your games and track your stats! →
Sign in with Steam
Match 41444363
Unlisted
Match 41444363
Overview
Messages
Build Orders
End
Royal Engineer Section
Construct Section Command Post
Selects Canadian Shock Battlegroup
Dingo Light Scout Car
Infantry Section
Infantry Section
Selects Attacking Spirit
Infantry Section
Construct Field Infirmary
Construct Platoon Command Post
Humber Armored Car
Selects Canadian Shock Section
Selects Incendiary Munitions
Selects Pyrotechnics
Vickers Machine Gun Team
Construct Company Command Post
Construct Company Command Post
Selects Demolition Engineering
Matilda II Heavy Tank
Infantry Section
Infantry Training
Vickers Machine Gun Team
Matilda II Heavy Tank
TURBO SLOTH
Spaghetti
0
0
Comments
sign in to comment!
No comments posted yet!